 Dungeon Crawl Stone Soup version 0.18.1-6-gd335043 (webtiles) character file.

16254 Romlok the Thaumaturge (level 12, -4/51 HPs)
             Began as a Felid Warper on May 14, 2016.
             Was the Champion of Vehumet.
             Killed by the raging water
             ... invoked by a water nymph
              (18 damage)
             ... on level 1 of the Shoals on May 16, 2016.
             The game lasted 08:03:30 (43187 turns).

Romlok the Thaumaturge (Felid Warper)              Turns: 43187, Time: 08:03:32

Health: -4/51      AC:  7    Str: 10    XL:     12   Next: 8%
Magic:  20/28      EV: 22    Int: 17    God:    Vehumet [******]
Gold:   2262       SH:  0    Dex: 15    Spells: 12 memorised, 4 levels left
                                        Lives:  0   Deaths: 4

rFire  + . .     SeeInvis +       - Unarmed
rCold  . . .     Gourm    .     (armour unavailable)
rNeg   . . .     Faith    .     (shield unavailable)
rPois  +         Spirit   .     (helmet unavailable)
rElec  .         Dismiss  +     (cloak unavailable)
rCorr  .         Reflect  .     (gloves unavailable)
SustAt .         Harm     .     (boots unavailable)
MR     +....     Clarity  +     F - amulet of dismissal
Stlth  +++.......               b - ring of fire
                                t - +4 ring of protection

@: shrouded, quick, somewhat resistant to hostile enchantments, fairly stealthy
A: no armour, no weapons or thrown items, claws 1, fangs 3, see invisible,
carnivore 3, clarity, speed 1, poison resistance, shaggy fur 3, slow metabolism
1, sharp paws
a: Renounce Religion


You were on level 1 of the Shoals.
You worshipped Vehumet.
Vehumet was exalted by your worship.
You were completely stuffed.

You visited 5 branches of the dungeon, and saw 25 of its levels.

You collected 2318 gold pieces.
You spent 56 gold pieces at shops.

Inventory:

Jewellery
 b - a ring of fire (right paw)
 d - an uncursed ring of resist corrosion
 e - an uncursed ring of flight
 o - an uncursed ring of stealth
 t - a +4 ring of protection (left paw)
 C - an uncursed ring of protection from cold
 F - an amulet of dismissal (around neck)
Wands
 q - a wand of polymorph (3/24)
 s - a wand of flame (29/48)
 x - a wand of acid (5/15)
 D - a wand of digging (7/24)
 L - a wand of disintegration (16/24)
Scrolls
 g - a scroll of remove curse
 k - 3 scrolls of identify
 n - 2 scrolls of fear
 p - a scroll of teleportation
 y - 5 scrolls of fog
 K - a scroll of recharging
Potions
 l - 4 potions of curing
 m - 4 potions of magic
 w - 2 potions of flight
 z - 3 potions of brilliance
 B - 2 potions of might
 E - a potion of haste
 I - 3 potions of agility
 P - a potion of cancellation
 Q - a potion of resistance
Books
 a - a book of Spatial Translocations

   Spells                             Type                      Level
   a - Apportation                    Translocation                1
   b - Blink                          Translocation                2
   c - Shroud of Golubria             Charms/Translocation         2
   d - Portal Projectile              Translocation                3
   e - Teleport Other                 Translocation                3
   f - Passage of Golubria            Translocation                4
 v - a Young Poisoner's Handbook

   Spells                             Type                      Level
   a - Sting                          Conjuration/Poison           1
   b - Cure Poison                    Poison                       2
   c - Mephitic Cloud                 Conjuration/Poison/Air       3
   d - Olgreb's Toxic Radiance        Poison                       4
   e - Venom Bolt                     Conjuration/Poison           5
 H - a book of Party Tricks

   Spells                             Type                      Level
   a - Summon Butterflies             Summoning                    1
   b - Apportation                    Translocation                1
   c - Tukima's Dance                 Hexes                        3
   d - Alistair's Intoxication        Transmutation/Poison         5
   e - Invisibility                   Hexes                        6
Comestibles
 c - 11 meat rations
 f - 4 slices of pizza
 h - 7 beef jerkies
 i - 2 chunks of flesh


   Skills:
 - Level 5.1 Fighting
 - Level 8.0 Dodging
 + Level 8.1 Stealth
 - Level 5.0 Unarmed Combat
 * Level 11.4 Spellcasting
 + Level 10.1 Conjurations
 - Level 5.5 Charms
 - Level 3.0 Summonings
 - Level 5.1 Translocations
 * Level 8.5 Fire Magic
 * Level 9.2 Air Magic
 - Level 4.3 Poison Magic


You had 4 spell levels left.
You knew the following spells:

 Your Spells              Type           Power        Failure   Level  Hunger
a - Throw Frost           Conj/Ice       ##....       1%          2    None
b - Blink                 Tloc           N/A          1%          2    None
c - Shroud of Golubria    Chrm/Tloc      ####......   1%          2    None
d - Static Discharge      Conj/Air       #####...     1%          3    None
e - Throw Flame           Conj/Fire      ######       1%          2    None
f - Summon Butterflies    Summ           ###.....     2%          1    None
g - Apportation           Tloc           ####......   1%          1    None
h - Delayed Fireball      Conj/Fire      N/A          58%         7    #######
q - Mephitic Cloud        Conj/Pois/Air  #####...     1%          3    None
s - Sting                 Conj/Pois      ####         1%          1    None
x - Airstrike             Air            #####.....   1%          4    ##.....
z - Shock                 Conj/Air       ####         1%          1    None


Dungeon Overview and Level Annotations

Branches:
Dungeon (14/15)            Temple (0/1) D:6            Lair (7/8) D:8
 Shoals (1/4) Lair:5        Snake (1/4) Lair:6          Orc (2/2) D:12
    Elf (0/3) Orc:2
  Slime: Lair:6-8    Vaults: D:13-14

Altars:
Ashenzari
Cheibriados
Elyvilon
Fedhas
Gozag
Nemelex Xobeh
Okawaru
Pakellas
Qazlal
Sif Muna
Trog
Vehumet
Xom
Yredelemnul
The Shining One
Beogh

Shops:
D:4 *=   Orc:1 (   Orc:2 (

Annotations:
D:5 Pikel
D:9 Gastronok
D:10 Grum
D:13 Josephine, Maurice
Lair:1 hydras everywhere!
Lair:3 exclusion: hydra
Lair:4 exclusion: hydra, Fannar
Lair:6 Snorg
Orc:2 Saint Roka


Innate Abilities, Weirdness & Mutations

You cannot wear armour.
You are incapable of wielding weapons or throwing items.
You have sharp claws.
You have razor-sharp teeth.
You have supernaturally acute eyesight.
You are carnivorous and can eat meat at any time.
You cover ground quickly.
Your thick and shaggy fur keeps you warm (AC +3, rC+).
You have a slow metabolism.
Your sharp claws are effective at attacking unaware monsters.
You possess an exceptional clarity of mind.
Your system is resistant to poisons.


Message History

Confirm with . or Enter, or press ? or * to list all spells.
Aiming: Shock
Press: ? - help, Shift-Dir - straight line The zap misses the water nymph.
The zap hits the water nymph.
The water nymph appears unharmed.
The water nymph is almost dead.
The zap hits the plant.
The plant is moderately damaged.
The water nymph closely misses you.
Casting: Shock
Confirm with . or Enter, or press ? or * to list all spells.
Aiming: Shock
Press: ? - help, Shift-Dir - straight line The zap hits the water nymph.
The water nymph is almost dead.
The zap misses the water nymph.
The zap hits the plant.
The plant is moderately damaged.
The water nymph gestures at you while chanting.
The water swirls and strikes you!
You die...

≈≈....≈≈≈≈≈≈≈≈≈
≈≈....≈≈≈≈≈PP≈≈
≈≈≈.#.≈≈≈≈P≈PP≈
≈≈≈...P≈≈≈..PP≈
≈≈≈≈≈≈≈≈....P
≈≈≈≈PP≈...#
.≈≈P≈≈≈<.#
...P≈≈≈..##
.....≈≈@..#
.....≈m≈....≈≈≈
.##.###≈≈≈≈≈≈≈.
## #.≈≈≈≈...
#..≈≈≈.##
#.≈≈≈≈...
.≈≈≈≈≈≈≈≈
≈≈≈≈≈≈≈≈≈


You could see a water nymph.

Vanquished Creatures
  Maud (Orc:2)
  Urug (D:13)
  Sonja (D:12)
  Nergalle (D:10)
  A wizard (D:14)
  4 unseen horrors
  2 hill giants
  An orc knight (Orc:2)
  A salamander (Snake:1)
  2 ugly things (D:13)
  A griffon (Lair:6)
  A cyclops (Orc:1)
  2 manticores (D:11)
  Joseph (Lair:1)
  An elephant (Lair:7)
  A siren (Lair:5)
  8 spiny frogs
  5 black mambas
  A gargoyle (D:12)
  A rime drake (Lair:7)
  10 komodo dragons
  5 trolls
  A two-headed ogre (D:13)
  2 merfolk (Lair:5)
  9 blink frogs
  12 slime creatures
  A spriggan (D:8)
  A vampire (D:12)
  4 wraiths
  3 fire bats (Lair:6)
  20 yaks
  3 basilisks
  A wyvern (D:12)
  12 hippogriffs
  2 hungry ghosts
  5 nagas
  2 mottled dragons
  4 wargs (Orc:2)
  9 water moccasins
  14 porcupines
  5 ice beasts
  An eye of draining (D:14)
  22 orc warriors
  6 sky beasts
  A black bear (Lair:3)
  A necrophage (D:12)
  12 ogres
  7 phantoms
  14 wolves
  5 centaurs
  18 crocodiles
  A gnoll sergeant (Orc:2)
  17 giant frogs
  A water moccasin zombie (D:8)
  6 scorpions
  6 killer bees (D:9)
  A howler monkey (D:10)
  A vampire bat (Lair:4)
  7 wights
  4 electric eels
  6 crimson imps
  5 centaur zombies
  A giant frog zombie (D:10)
  3 hounds
  16 orc priests
  2 centaur skeletons
  A giant frog skeleton (D:5)
  11 iguanas
  Terence (D:3)
  34 orc wizards
  5 worker ants
  A killer bee zombie (D:8)
  17 sheep
  A worker ant zombie (D:9)
  7 gnolls
  25 river rats
  14 adders
  3 shadow imps
  An adder zombie (D:9)
  4 worms
  4 giant geckos
  99 orcs
  A ball python (D:3)
  16 bats
  7 giant cockroaches
  12 goblins
  10 hobgoblins
  23 jackals
  4 kobolds
  5 quokkas
  2 giant gecko skeletons
  3 giant newts
  A jackal zombie (D:7)
  A quokka skeleton (D:4)
  A quokka zombie (D:5)
  4 rats
  A spectral orc (D:9)
  2 plants
647 creatures vanquished.

Vanquished Creatures (collateral kills)
  A cyclops (D:14)
  A big kobold (D:14)
  A kobold (D:14)
3 creatures vanquished.

Vanquished Creatures (others)
  A black bear (D:6)
  A jelly (D:5)
  An orc (Orc:2)
  A bush (Lair:1)
  20 fungi
  46 plants
70 creatures vanquished.

Grand Total: 720 creatures vanquished

Notes
Turn   | Place    | Note
--------------------------------------------------------------
     0 | D:1      | Romlok the Felid Warper began the quest for the Orb.
     0 | D:1      | Reached XP level 1. HP: 9/9 MP: 4/4
   733 | D:2      | Reached XP level 2. HP: 13/13 MP: 6/6
   759 | D:2      | Learned a level 2 spell: Blink
   762 | D:2      | Learned a level 2 spell: Shroud of Golubria
  1367 | D:2      | Found an iron altar of Okawaru.
  1724 | D:2      | Reached XP level 3. HP: 16/16 MP: 4/7
  2514 | D:2      | Found a shimmering altar of Xom.
  2521 | D:2      | Found a shimmering altar of Xom.
  2522 | D:2      | Found a shimmering altar of Xom.
  3015 | D:3      | Noticed Terence
  3269 | D:3      | Reached XP level 4. HP: 21/21 MP: 5/8
  4577 | D:3      | Reached XP level 5. HP: 22/25 MP: 5/9
  4707 | D:3      | Found a white marble altar of Elyvilon.
  4897 | D:3      | Killed from afar by an orc wizard
  4898 | D:3      | Reached XP level 4. HP: 0/22 MP: 5/8
  5519 | D:2      | Reached skill level 1 in Charms
  5818 | D:3      | Reached XP level 5. HP: 16/25 MP: 5/9
  6393 | D:3      | Killed Terence
  6520 | D:4      | Found Temaull's Jewellery Boutique.
  6627 | D:4      | Bought a cursed -2 ring of slaying for 28 gold pieces
  6627 | D:4      | Bought a cursed -2 ring of intelligence for 28 gold pieces
  6627 | D:4      | Noticed a phantom
  7016 | D:3      | HP: 1/25 [orc priest/nerve-wracking pain (9)]
  7357 | D:4      | Gained mutation: You are covered in thick fur (AC +2). [Felid growth]
  7357 | D:4      | Reached XP level 6. HP: 10/29 MP: 7/10
  7788 | D:4      | Reached skill level 3 in Spellcasting
  8140 | D:4      | Found Gozag's Platinum Reserve.
  8141 | D:4      | Found an opulent altar of Gozag.
  8435 | D:4      | Reached skill level 5 in Fighting
  8845 | D:4      | Reached XP level 7. HP: 33/33 MP: 10/12
  8927 | D:5      | Entered Level 5 of the Dungeon
  8942 | D:5      | Noticed Pikel
  8962 | D:5      | Found a radiant altar of Vehumet.
  9008 | D:5      | Became a worshipper of Vehumet
  9102 | D:5      | Found a snail-covered altar of Cheibriados.
  9208 | D:5      | Reached skill level 5 in Unarmed Combat
  9453 | D:5      | Reached skill level 1 in Stealth
  9895 | D:5      | Found an oddly glowing altar of Pakellas.
  9895 | D:5      | Noticed an orange crystal statue
  9998 | D:5      | Reached skill level 4 in Spellcasting
 10585 | D:6      | Noticed a hippogriff
 10590 | D:6      | Found a glowing golden altar of the Shining One.
 10739 | D:6      | Found a bloodstained altar of Trog.
 11166 | D:6      | Found a staircase to the Ecumenical Temple.
 11372 | D:6      | Reached skill level 5 in Spellcasting
 11372 | D:6      | Reached XP level 8. HP: 31/37 MP: 16/16
 11534 | D:6      | Reached skill level 5 in Dodging
 11782 | D:6      | Found a stormy altar of Qazlal.
 12696 | D:7      | Reached * piety under Vehumet
 12696 | D:7      | Offered knowledge of Shock by Vehumet.
 12699 | D:7      | Learned a level 1 spell: Shock
 12766 | D:7      | Reached skill level 1 in Conjurations
 12928 | D:7      | Found a deep blue altar of Sif Muna.
 13062 | D:8      | Reached skill level 5 in Stealth
 13062 | D:8      | Reached skill level 1 in Air Magic
 13402 | D:8      | Found a blossoming altar of Fedhas.
 13447 | D:8      | Reached skill level 6 in Spellcasting
 13468 | D:8      | Gained mutation: Your system is resistant to poisons. [potion of mutation]
 13468 | D:8      | Gained mutation: You are weak. (Str -2) [potion of mutation]
 13468 | D:8      | Lost mutation: You are weak. (Str -2) [potion of mutation]
 13706 | D:8      | Reached XP level 9. HP: 39/40 MP: 13/19
 14906 | D:8      | Found a staircase to the Lair.
 14992 | D:9      | Offered knowledge of Throw Flame by Vehumet.
 14996 | D:9      | Learned a level 2 spell: Throw Flame
 15023 | D:9      | Reached ** piety under Vehumet
 15192 | D:9      | Upgraded the game from 0.18.1-5-g4a78601 to 0.18.1-6-gd335043
 15320 | D:9      | Found a basalt altar of Yredelemnul.
 15521 | D:9      | Reached skill level 1 in Fire Magic
 15634 | D:9      | Learned a level 3 spell: Mephitic Cloud
 15706 | D:9      | Noticed Gastronok
 15802 | D:9      | Noticed a troll
 15861 | D:9      | Learned a level 1 spell: Sting
 16047 | D:9      | Found a sparkling altar of Nemelex Xobeh.
 16161 | D:9      | Noticed a troll
 16494 | D:9      | Reached XP level 10. HP: 42/44 MP: 9/21
 16738 | D:10     | Entered Level 10 of the Dungeon
 16791 | D:10     | Noticed Nergalle
 16798 | D:10     | Noticed an unseen horror
 16816 | D:10     | Killed an unseen horror
 16816 | D:10     | Reached skill level 7 in Spellcasting
 16816 | D:10     | Reached skill level 1 in Poison Magic
 17051 | D:10     | Noticed a hill giant
 17210 | D:10     | Killed Nergalle
 17210 | D:10     | Reached skill level 5 in Conjurations
 17504 | D:10     | Noticed Grum
 18030 | D:9      | Killed a hill giant
 18272 | D:10     | Offered knowledge of Throw Frost by Vehumet.
 18276 | D:10     | Learned a level 2 spell: Throw Frost
 18294 | D:9      | Reached skill level 5 in Air Magic
 19130 | D:11     | Noticed a hill giant
 19173 | D:11     | Noticed an unseen horror
 19186 | D:11     | Killed an unseen horror
 19186 | D:11     | Reached XP level 11. HP: 42/47 MP: 18/23
 19524 | D:11     | Killed a hill giant
 19712 | D:11     | Reached *** piety under Vehumet
 19893 | D:11     | HP: 2/47 [manticore (2)]
 19899 | D:11     | Killed from afar by a manticore
 19900 | D:11     | Reached XP level 10. HP: -7/44 MP: 16/22
 19999 | D:11     | Noticed a white ugly thing
 19999 | D:11     | Noticed a green ugly thing
 20207 | D:12     | Noticed Sonja
 20229 | D:12     | Noticed a red ugly thing
 20606 | D:12     | Reached skill level 8 in Spellcasting
 20637 | D:12     | Offered knowledge of Static Discharge by Vehumet.
 20642 | D:12     | Learned a level 3 spell: Static Discharge
 20646 | D:12     | Noticed a gargoyle
 20835 | D:11     | Killed a manticore
 21005 | D:10     | Learned a level 1 spell: Summon Butterflies
 22256 | Lair:1   | Entered Level 1 of the Lair of Beasts
 22270 | D:8      | Reached skill level 5 in Translocations
 22423 | Lair:1   | Noticed a spiny frog
 22701 | Lair:1   | Noticed a five-headed hydra
 22762 | D:8      | Reached XP level 11. HP: 29/47 MP: 18/24
 23472 | Lair:1   | Noticed a four-headed hydra
 23581 | Lair:1   | Noticed Joseph
 24028 | Lair:1   | Noticed an eight-headed hydra
 24061 | Lair:1   | Reached **** piety under Vehumet
 24203 | Lair:1   | Reached skill level 5 in Charms
 24278 | Lair:2   | Noticed a catoblepas
 24383 | Lair:2   | Noticed Fannar
 24516 | Lair:1   | Killed Joseph
 24877 | Lair:2   | Offered knowledge of Airstrike by Vehumet.
 24883 | Lair:2   | Learned a level 4 spell: Airstrike
 27092 | Lair:3   | Reached skill level 5 in Fire Magic
 27151 | Lair:3   | Reached skill level 9 in Spellcasting
 27419 | Lair:3   | Noticed an eight-headed hydra
 27713 | Lair:3   | Noticed an eight-headed hydra
 28300 | Lair:4   | Noticed a seven-headed hydra
 29363 | Lair:4   | Reached ***** piety under Vehumet
 29693 | Lair:5   | Offered knowledge of Iskenderun's Battlesphere by Vehumet.
 29693 | Lair:5   | Gained mutation: Your thick and shaggy fur keeps you warm (AC +3, rC+). [Felid growth]
 29693 | Lair:5   | Reached XP level 12. HP: 51/51 MP: 26/26
 29733 | Lair:5   | Found a staircase to the Shoals.
 30141 | Lair:4   | Noticed a six-headed hydra
 30476 | Lair:5   | Found a shattered altar of Ashenzari.
 31341 | Lair:6   | Found a staircase to the Snake Pit.
 31347 | Lair:6   | Reached skill level 10 in Spellcasting
 32857 | Lair:7   | Noticed Snorg
 33548 | Lair:7   | Noticed a death yak
 33789 | Lair:7   | Noticed a six-headed hydra
 34493 | Lair:7   | Noticed a death yak
 34494 | Lair:7   | Noticed a death yak
 34494 | Lair:7   | Noticed a death yak
 34494 | Lair:7   | Noticed a death yak
 34500 | Lair:7   | Noticed a death yak
 35780 | D:12     | Reached skill level 1 in Summonings
 35780 | D:12     | Reached XP level 13. HP: 32/54 MP: 1/28
 35960 | D:12     | Found a staircase to the Orcish Mines.
 36058 | Orc:1    | Entered Level 1 of the Orcish Mines
 36076 | Orc:1    | Found Xoriaw's Antique Weapon Boutique.
 36203 | Orc:2    | Entered Level 2 of the Orcish Mines
 36719 | Orc:2    | Found a staircase to the Elven Halls.
 37137 | Orc:2    | Found a roughly hewn altar of Beogh.
 37241 | Orc:2    | Found Ifeplas's Antique Weapon Emporium.
 37286 | Orc:2    | Noticed Maud
 37328 | Orc:2    | Found a roughly hewn altar of Beogh.
 37510 | Orc:2    | Found a roughly hewn altar of Beogh.
 37903 | Orc:2    | Noticed Saint Roka
 38406 | Orc:2    | Killed Maud
 38741 | Orc:2    | Found a roughly hewn altar of Beogh.
 38806 | Orc:2    | Found a roughly hewn altar of Beogh.
 38984 | Orc:2    | Reached skill level 11 in Spellcasting
 39237 | Orc:2    | Reached ****** piety under Vehumet
 39423 | Orc:2    | Paralysed by an orc sorcerer for 6 turns
 39835 | D:12     | Killed Sonja
 40228 | D:12     | Demolished by a large slime creature
 40229 | D:12     | Reached XP level 12. HP: -14/51 MP: 19/28
 40780 | D:13     | Reached skill level 10 in Conjurations
 41033 | D:13     | Noticed Urug
 41052 | D:13     | Killed Urug
 41182 | D:13     | Noticed Josephine
 41254 | D:13     | Offered knowledge of Delayed Fireball by Vehumet.
 41354 | D:13     | Noticed Maurice
 41648 | D:13     | Learned a level 7 spell: Delayed Fireball
 41907 | D:14     | Found a sparkling altar of Nemelex Xobeh.
 42194 | D:14     | Reached XP level 13. HP: 54/54 MP: 26/29
 42441 | D:8      | Gained mutation: You possess an exceptional clarity of mind. [potion of beneficial mutation]
 42618 | Snake:1  | Entered Level 1 of the Snake Pit
 42835 | Lair:6   | Killed from afar by a shock serpent
 42836 | Lair:6   | Reached XP level 12. HP: -5/51 MP: 26/28
 43178 | Shoals:1 | Entered Level 1 of the Shoals
 43187 | Shoals:1 | Killed from afar by a water nymph

Skill      XL: |  1  2  3  4  5  6  7  8  9 10 11 12 13 |
---------------+----------------------------------------+-----
Fighting       | 3 4 5 |  5.1
Unarmed Combat | 3 4 5 |  5.0
Charms         | 1 3 5 |  5.5
Spellcasting   | 3 5 6 8 9 10 11 | 11.4
Stealth        | 3 5 7 8 |  8.1
Dodging        | 4 6 7 8 |  8.0
Conjurations   | 2 4 7 8 10 | 10.1
Air Magic      | 2 4 5 6 9 |  9.2
Fire Magic     | 1 4 5 8 7 |  8.5
Poison Magic   | 4 |  4.3
Translocations | 5 |  5.1
Summonings     | 3 2 |  3.0

Action                   |  1- 3 |  4- 6 |  7- 9 | 10-12 | 13-15 || total
-------------------------+-------+-------+-------+-------+-------++-------
Melee: Unarmed           |   150 |   349 |   445 |   545 |    59 ||  1548
       Bite              |    16 |    31 |    40 |    54 |     4 ||   145
       Punch             |     1 |     9 |    11 |    13 |     2 ||    36
 Cast: Shroud of Golubri |     6 |    39 |    56 |   206 |    52 ||   359
       Blink             |     1 |       |       |     3 |       ||     4
       Apportation       |       |       |     2 |    42 |     3 ||    47
       Shock             |       |       |    65 |   412 |   214 ||   691
       Sting             |       |       |    46 |   411 |   132 ||   589
       Throw Flame       |       |       |     1 |   139 |    65 ||   205
       Mephitic Cloud    |       |       |       |    17 |    13 ||    30
       Throw Frost       |       |       |       |    46 |     4 ||    50
       Summon Butterflie |       |       |       |     1 |       ||     1
       Airstrike         |       |       |       |    44 |     2 ||    46
       Static Discharge  |       |       |       |    52 |    28 ||    80
  Use: Scroll            |     2 |     1 |    10 |    10 |     7 ||    30
       Potion            |     2 |     4 |     2 |       |     3 ||    11
 Stab: Sleeping          |     3 |     2 |    24 |    71 |    14 ||   114
       Distracted        |       |     1 |       |       |       ||     1
       Confused          |       |       |       |    14 |     2 ||    16
  Eat: Chunk             |    10 |    22 |    21 |    60 |    11 ||   124
Armor: Skin              |     9 |     9 |    56 |    90 |    18 ||   182
Dodge: Dodged            |   108 |   229 |   333 |   835 |   152 ||  1657
